 Dungeon Crawl Stone Soup version 0.32-a0-290-g598725c5f2 (webtiles) character file.

Game seed: 18010617320330245529

1055 timneilson the Ruffian (level 8, -7/54 HPs)
             Began as an Octopode Shapeshifter on Feb 13, 2024.
             Was an Initiate of Gozag.
             Mangled by a gnoll
             ... wielding a +2 spear of venom
             ... led by a gnoll bouda
              (8 damage)
             ... on level 5 of the Dungeon.
             The game lasted 00:09:22 (4655 turns).

timneilson the Ruffian (Octopode Shapeshifter)      Turns: 4655, Time: 00:09:23

Health: -7/54      AC:  1    Str: 16    XL:     8   Next: 26%
Magic:  8/8        EV: 14    Int: 12    God:    Gozag
Gold:   114        SH:  0    Dex: 11    Spells: 7/7 levels left

rFire   . .          .
                       - Unarmed
rCold   . . .        (no shield)
rNeg    . . .        (helmet currently unavailable)
rPois   .            (no amulet)
rElec   .            (no ring)
rCorr   .            (no ring)
SInv    .            (no ring)
Will    .....        (no ring)
Stlth   ++++         (no ring)
HPRegen 0.29/turn    (no ring)
MPRegen 0.11/turn    (no ring)
                     (no ring)

%: no passive effects
@: lethally poisoned (-7 -> -28), beast-form, weakened, gold aura
A: beast (slay +2), almost no armour, amphibious, 8 rings, camouflage 1,
gelatinous body 1, nimble swimmer 1, tentacles
a: Begin Untransformation, Renounce Religion, Potion Petition, Call Merchant,
Bribe Branch


You were on level 5 of the Dungeon.
You worshipped Gozag.
Gozag was aware of your devotion.
You were a hulking beast.
You visited 2 branches of the dungeon, and saw 6 of its levels.

You collected 190 gold pieces.
You paid 76 gold pieces to Gozag.

Inventory:

Missiles
 h - 10 poisoned darts (quivered)
 k - a throwing net
Talismans
 b - a beast talisman (active)
 c - a flux talisman
 o - a dragon-blood talisman
 s - a blade talisman
Wands
 i - a wand of roots (12)
Scrolls
 f - a scroll of enchant armour
 m - a scroll of blinking
 n - a scroll of fog
 r - a scroll of noise {unknown}
Potions
 a - 2 potions of lignification
 d - a potion of magic
 e - a potion of curing
 g - a potion of attraction
 j - a potion of might {unknown}
 l - a potion of resistance {unknown}
 p - a potion of haste {unknown}
 q - 4 potions of enlightenment


   Skills:
 * Level 4.2 Fighting
 * Level 4.5 Dodging
 + Level 4.3 Stealth
 * Level 5.2 Unarmed Combat
 + Level 2.0 Evocations
 * Level 4.9 Shapeshifting


You had 7 spell levels left.
You didn't know any spells.
Your spell library contained the following spells:

 Spells                   Type           Power      Damage    Failure   Level
 Sting                    Conj/Alch      0%         1d3       32%         1
 Mercury Vapours          Alch/Air       0%         N/A       45%         2
 Olgreb's Toxic Radiance  Alch           0%         N/A       97%         4


Dungeon Overview and Level Annotations

Branches:
Dungeon (5/15)             Temple (1/1) D:5

Altars:
Cheibriados
Elyvilon
Fedhas
Gozag
Hepliaklqana
Kikubaaqudgha
Makhleb
Nemelex Xobeh
Okawaru
Qazlal
Ru
Sif Muna
Trog
Uskayaw
Vehumet
Wu Jian
Xom
Yredelemnul
Zin
The Shining One

Shops:
D:1 *


Innate Abilities, Weirdness & Mutations

You are a hulking beast.
Your limbs bulge with bestial killing power. (Slay +2)
You cannot wear most types of armour.
You are amphibious.
You can wear up to eight rings at the same time.
Your skin changes colour to match your surroundings (Stealth+).
Your rubbery body absorbs attacks. (AC +1, EV +1)
You are camouflaged when in or above water. (Stealth+)
You have tentacles for arms and can constrict up to eight enemies at once.


Message History

The gnoll is distracted by your dazzling golden aura.
The gnoll hits you with a +0 flail!
The gnoll bouda gazes fiercely through you!
You feel your attacks grow feeble.
You tentacle-slap the gnoll.
The gnoll is moderately wounded.
You constrict the gnoll. The gnoll closely misses you.
The gnoll bouda is distracted by your dazzling golden aura.
You tentacle-slap the gnoll. You squeeze the gnoll.
The gnoll is severely wounded.
You constrict the gnoll.
You kill the gnoll!
The water moccasin is no longer distracted by gold.
The water moccasin is distracted by your dazzling golden aura.
The water moccasin is no longer distracted by gold.
You closely miss the water moccasin. You grab the water moccasin.
You constrict the water moccasin.
The gnoll is no longer distracted by gold.
The water moccasin bites you. The water moccasin barely misses you.
You bludgeon the water moccasin! Your squeeze misses the water moccasin.
The water moccasin is moderately wounded.
You constrict the water moccasin. The gnoll hits you with a +0 flail!
The water moccasin bites you. The gnoll closely misses you.
You tentacle-slap the water moccasin. Your squeeze misses the water moccasin.
The water moccasin is heavily wounded.
You constrict the water moccasin.
The gnoll bouda is no longer distracted by gold.
The gnoll closely misses you. The water moccasin misses you.
The gnoll hits you from afar with a +2 spear of venom.
You are poisoned.
You tentacle-slap the water moccasin. Your squeeze misses the water moccasin.
The water moccasin is severely wounded.
You constrict the water moccasin.
You feel sick. The water moccasin bites you!
* * * LOW HITPOINT WARNING * * *
You are lethally poisoned!
The water moccasin poisons you! The gnoll hits you with a +0 flail!
* * * LOW HITPOINT WARNING * * *
The gnoll hits you from afar with a +2 spear of venom!
You die...
Your body crumbles into a pile of gold.

.. ##.###### #.......##
#........ ... #.......#
#.... ###
##.......###...... #..
#.....gg........... #..
......gS≈≈≈≈.......# #..
.....≈≈h≈≈≈≈≈≈.......#..
<..≈≈≈≈≈≈≈≈≈≈≈≈≈........
..≈≈≈≈≈≈...≈≈≈≈≈≈....#..
..≈≈≈≈≈≈.>.≈≈≈≈≈≈....#.#
#.≈≈≈≈≈≈...≈≈≈≈≈≈....#..
..≈≈≈≈≈≈≈≈≈~~≈≈≈≈....#..
#..≈≈≈≈≈≈≈≈≈~~≈≈.....#..
.[...≈≈≈≈≈≈≈≈≈.......#..
##
#......≈≈≈≈≈.......#.#.#


You could see a water moccasin, a gnoll bouda and 2 gnolls.

Vanquished Creatures
  A sky beast (D:5)
  A phantom (D:5)
  2 scorpions (D:5)
  2 hounds (D:5)
  4 quasits (D:4)
  A bombardier beetle (D:5)
  An orc priest (D:3)
  A gnoll bouda (D:5)
  Jessica (D:2)
  2 iguanas (D:5)
  Robin (D:2)
  4 adders
  13 gnolls
  A shadow imp (D:4)
  6 white imps (D:4)
  An ufetubus (D:4)
  A dart slug (D:1)
  3 ribbon worms
  3 orcs
  5 bats
  9 endoplasms
  6 giant cockroaches
  16 goblins
  7 hobgoblins
  4 jackals (D:1)
  4 quokkas
  3 ball pythons (D:1)
  5 frilled lizards
  6 kobolds
  5 rats
119 creatures vanquished.

Notes
Turn   | Place    | Note
-------+----------+-------------------------------------------
     0 | D:1      | timneilson the Octopode Shapeshifter began the quest for
                  | the Orb.
     0 | D:1      | Reached XP level 1. HP: 13/13 MP: 1/1
   109 | D:1      | Reached XP level 2. HP: 18/18 MP: 2/2
   256 | D:1      | Reached skill level 1 in Stealth
   283 | D:1      | Reached XP level 3. HP: 20/23 MP: 3/3
   371 | D:1      | Found Farolea's Assorted Antiques.
   628 | D:1      | Reached XP level 4. HP: 29/29 MP: 4/4
   837 | D:2      | Noticed Jessica
   844 | D:2      | Killed Jessica
   975 | D:2      | Reached XP level 5. HP: 31/34 MP: 5/5
  1010 | D:2      | Found a shimmering blue altar of Sif Muna.
  1069 | D:2      | Noticed Robin
  1463 | D:2      | Killed Robin
  1699 | D:3      | Reached skill level 4 in Unarmed Combat
  1784 | D:3      | Reached XP level 6. HP: 41/41 MP: 6/6
  2431 | D:3      | Found a faded altar of an unknown god.
  2861 | D:4      | Reached XP level 7. HP: 31/46 MP: 7/7
  3476 | D:4      | Reached skill level 1 in Evocations
  3903 | D:5      | Entered Level 5 of the Dungeon
  4167 | D:5      | Found a white marble altar of Elyvilon.
  4201 | D:5      | Reached skill level 5 in Unarmed Combat
  4201 | D:5      | Reached XP level 8. HP: 29/54 MP: 8/8
  4610 | D:5      | Found a staircase to the Ecumenical Temple.
  4619 | Temple   | Entered the Ecumenical Temple
  4628 | Temple   | Became a worshipper of Gozag Ym Sagoz the Greedy
  4655 | D:5      | HP: 1/54 [gnoll/+0 flail[a gnoll bouda] (9)]
  4655 | D:5      | Mangled by a gnoll

Illustrated notes

Levels and vault maps discovered:
D:1:      nagdon_arrival_double_spiral, layout_loops_ring, serial_shops, shop,
          dk_noncrumbling_2, hangedman_decor_points, minmay_bisected
D:2:      layout_rooms, basic_altar, corexii_corridor_pit, uniq_jessica,
          uniq_robin
D:3:      layout_basic, chequers_ecumenical_altar_simple_redux,
          minmay_misc_feat_square, kennysheep_donut
D:4:      layout_loops_corners, serial_demonic, serial_demonic_c,
          serial_demonic_a, serial_demonic_f, serial_demonic_a, kennysheep_boxes
D:5:      layout_basic, elyvilon_altar_1, temple_pool_b, roderic_serpentine_path
Temple:   hellmonk_temple_of_storms

Skill      XL: |  1  2  3  4  5  6  7  8 |
---------------+-------------------------+-----
Stealth        | 1 2 3 4 |  4.3
Fighting       | 2 3 4 |  4.2
Dodging        | 3 4 |  4.5
Unarmed Combat | 4 5 |  5.2
Shapeshifting  | 4 |  4.9
Evocations     | 1 2 |  2.0

Action                     |  1- 3 |  4- 6 |  7- 9 || total
---------------------------+-------+-------+-------++-------
  Melee: Unarmed           |    54 |   133 |    84 ||   271
         Constrict         |    11 |    34 |    19 ||    64
         Punch             |     3 |     3 |     6 ||    12
         Tentacles         |     5 |    30 |    23 ||    58
    Use: Scroll            |       |    11 |     2 ||    13
         Potion            |       |       |     1 ||     1
   Stab: Sleeping          |     9 |     7 |     5 ||    21
 Armour: Skin              |    18 |    59 |    39 ||   116
  Dodge: Dodged            |    35 |    68 |    45 ||   148

Table legend: (Time is in decaauts)
 A = Elapsed time spent in this place.
 B = Non-inter-level travel time spent in this place.
 C = Inter-level travel time spent in this place.
 D = Time resting spent in this place.
 E = Time spent auto-exploring this place.
 F = Levels seen in this place.
 G = Mean time per level.
                   A        B        C        D        E       F      G
               +--------+--------+--------+--------+--------+-----+--------+
         Total |   4634 |   4468 |    166 |    907 |   2562 |   6 |  772.3 |
       Dungeon |   4615 |   4457 |    158 |    907 |   2562 |   5 |  923.0 |
        Temple |     18 |     10 |      8 |      0 |      0 |   1 |   18.0 |
               +--------+--------+--------+--------+--------+-----+--------+

Top non-repeatable levels by time:
     D:4: 1158 daAuts
     D:3: 1045 daAuts
     D:2: 854 daAuts
     D:1: 829 daAuts
     D:5: 727 daAuts
  Temple: 18 daAuts
